[ AOE2 MATCH · #480871007 ]
Team RMByzantines vs Koreans
[ REPLAY ANALYSIS · EXTRACTED FROM THE RECORDED GAME ]
Feudal
14:32
Castle
—
Imperial
—
| APM avg | 33.6 |
| APM peak | 78 |
| eAPM avg | 14.6 |
| Villagers / military | 39 / 58 |
Focus
⚔️ 32.6% · 🌾 67.4%
Archer ×19 · Spearman ×14 · Skirmisher ×14 · Militia ×11
Feudal
—
Castle
—
Imperial
—
| APM avg | 10.3 |
| APM peak | 66 |
| eAPM avg | 3.5 |
| Villagers / military | 16 / 0 |
Focus
⚔️ 7.8% · 🌾 92.2%
Feudal
13:58
Castle
—
Imperial
—
| APM avg | 27.8 |
| APM peak | 51 |
| eAPM avg | 12.1 |
| Villagers / military | 42 / 16 |
Focus
⚔️ 24.6% · 🌾 75.4%
Scout Cavalry ×10 · Militia ×6
Feudal
—
Castle
—
Imperial
—
| APM avg | 7.8 |
| APM peak | 47 |
| eAPM avg | 2.1 |
| Villagers / military | 14 / 0 |
Focus
⚔️ 8.3% · 🌾 91.7%
Feudal
—
Castle
—
Imperial
—
| APM avg | 4.4 |
| APM peak | 33 |
| eAPM avg | 2.7 |
| Villagers / military | 17 / 0 |
Focus
⚔️ 12.5% · 🌾 87.5%
Feudal
13:59
Castle
20:57
Imperial
—
| APM avg | 25.2 |
| APM peak | 54 |
| eAPM avg | 14.1 |
| Villagers / military | 35 / 22 |
Focus
⚔️ 8.9% · 🌾 91.1%
Steppe Lancer ×22
Feudal
—
Castle
—
Imperial
—
| APM avg | 8.3 |
| APM peak | 42 |
| eAPM avg | 4.6 |
| Villagers / military | 17 / 0 |
Focus
⚔️ 15.8% · 🌾 84.2%
Feudal
17:31
Castle
—
Imperial
—
| APM avg | 17.4 |
| APM peak | 47 |
| eAPM avg | 8.1 |
| Villagers / military | 42 / 0 |
Focus
⚔️ 10.4% · 🌾 89.6%
Match map
Initial resources + every placement click. Lines = walls · curves = elevation contours. ◆ gold · ⬟ stone · ● berries · ✦ relic · ◌ wall gap
Your base· ✓ Closed at 12:00 · 0t walls · fragile
排山倒海進入你媽媽的's base· ✓ Closed at 12:00 · 0t walls · fragile
Pietrox75's base· ✓ Closed at 12:00 · 0t walls · fragile
SDAN's base· ✓ Closed at 12:00 · 0t walls · fragile
Alcar_99's base· ✓ Closed at 12:00 · 46t walls · fragile
PANICKING MORON, YES IM SCARED's base· ✓ Closed at 20:57 · 8t walls · fragile
Gentle raiders's base· ✓ Closed at 12:00 · 21t walls · fragile
*'s base· ✓ Closed at 20:24 · 9t walls · fragile
Smoothed initial terrain · ◌ = detected wall gap · hover for details
Inputs per minute
— LauFuZi - - 排山倒海進入你媽媽的
Build order — LauFuZi
136 actions detected in the replay
| 0:02 | Create | Villager (Male) |
| 0:02 | Create | Villager (Male) |
| 0:03 | Build | House |
| 0:04 | Build | House |
| 0:05 | Create | Villager (Male) |
| 0:05 | Create | Villager (Male) |
| 0:05 | Create | Villager (Male) |
| 1:39 | Create | Villager (Male) |
| 1:39 | Create | Villager (Male) |
| 2:06 | Research | Loom |
| 2:09 | Create | Villager (Male) |
| 2:14 | Build | Lumber Camp |
| 2:38 | Build | House |
| 2:39 | Create | Villager (Male) |
| 2:39 | Create | Villager (Male) |
| 2:59 | Create | Villager (Male) |
| 2:59 | Create | Villager (Male) |
| 2:59 | Create | Villager (Male) |
| 3:22 | Create | Villager (Male) |
| 3:23 | Create | Villager (Male) |
| 4:06 | Create | Villager (Male) |
| 4:06 | Create | Villager (Male) |
| 4:59 | Create | Villager (Male) |
| 5:00 | Create | Villager (Male) |
| 5:00 | Create | Villager (Male) |
| 5:46 | Create | Villager (Male) |
| 5:46 | Create | Villager (Male) |
| 6:16 | Build | Barracks |
| 6:22 | Create | Villager (Male) |
| 6:22 | Create | Villager (Male) |
| 6:23 | Create | Villager (Male) |
| 6:32 | Build | House |
| 6:43 | Create | Villager (Male) |
| 6:43 | Create | Villager (Male) |
| 6:43 | Create | Villager (Male) |
| 6:43 | Create | Villager (Male) |
| 7:26 | Create | Militia |
| 7:26 | Create | Militia |
| 7:28 | Create | Militia |
| 7:33 | Build | House |
| 8:14 | Build | Mill |
| 8:23 | Create | Militia |
| 8:37 | Create | Villager (Male) |
| 8:52 | Build | Mill |
| 9:00 | Create | Militia |
| 9:25 | Create | Villager (Male) |
| 9:25 | Create | Villager (Male) |
| 9:30 | Build | Mining Camp |
| 10:16 | Create | Villager (Male) |
| 10:24 | Build | House |
| 10:37 | Create | Militia |
| 10:48 | Create | Villager (Male) |
| 10:52 | Build | House |
| 10:53 | Build | House |
| 10:54 | Build | House |
| 11:12 | Create | Villager (Male) |
| 11:28 | Create | Villager (Male) |
| 11:35 | Create | Militia |
| 12:22 | Research | Feudal Age |
| 12:54 | Build | House |
| 13:00 | Build | House |
| 13:00 | Build | House |
| 13:11 | Create | Villager (Male) |
| 13:13 | Create | Militia |
| 13:14 | Create | Militia |
| 13:57 | Create | Militia |
| 13:57 | Create | Militia |
| 14:05 | Create | Villager (Male) |
| 14:32 | Age | Feudal Age |
| 14:37 | Build | Blacksmith |
| 14:49 | Research | Man-at-Arms (upgrade) |
| 14:54 | Create | Villager (Male) |
| 15:05 | Build | Farm |
| 15:24 | Create | Spearman |
| 15:24 | Create | Spearman |
| 15:38 | Research | Forging |
| 15:47 | Build | Archery Range |
| 15:49 | Build | Archery Range |
| 15:52 | Create | Spearman |
| 16:17 | Create | Spearman |
| 16:18 | Create | Spearman |
| 16:39 | Research | Fletching |
| 16:50 | Create | Archer |
| 16:50 | Create | Archer |
| 16:59 | Create | Spearman |
| 17:18 | Build | Barracks |
| 17:27 | Create | Archer |
| 17:27 | Create | Archer |
| 17:35 | Research | Loom |
| 18:07 | Create | Archer |
| 18:07 | Create | Archer |
| 18:08 | Create | Archer |
| 18:56 | Build | Watch Tower |
| 19:03 | Create | Spearman |
| 19:03 | Create | Spearman |
| 19:04 | Create | Archer |
| 19:04 | Create | Archer |
| 19:04 | Create | Archer |
| 19:04 | Create | Archer |
| 19:05 | Create | Archer |
| 19:25 | Create | Spearman |
| 19:25 | Create | Archer |
| 19:26 | Create | Archer |
| 19:27 | Create | Skirmisher |
| 19:28 | Create | Skirmisher |
| 19:28 | Create | Skirmisher |
| 19:28 | Create | Skirmisher |
| 19:28 | Create | Skirmisher |
| 19:28 | Create | Skirmisher |
| 19:29 | Create | Skirmisher |
| 19:29 | Create | Skirmisher |
| 19:29 | Create | Skirmisher |
| 19:30 | Create | Skirmisher |
| 19:30 | Create | Skirmisher |
| 19:30 | Create | Skirmisher |
| 20:04 | Create | Archer |
| 20:04 | Create | Archer |
| 20:16 | Build | Farm |
| 20:16 | Build | Farm |
| 20:17 | Build | Farm |
| 20:17 | Build | Farm |
| 20:17 | Build | Farm |
| 20:17 | Build | Farm |
| 20:18 | Build | Farm |
| 20:18 | Build | Farm |
| 20:48 | Build | Mining Camp |
| 21:15 | Create | Spearman |
| 21:15 | Create | Spearman |
| 21:16 | Create | Spearman |
| 21:19 | Create | Archer |
| 21:19 | Create | Archer |
| 21:34 | Create | Skirmisher |
| 21:34 | Create | Skirmisher |
| 21:34 | Create | Archer |
| 21:36 | Create | Spearman |
| 21:36 | Create | Spearman |
Build order — 排山倒海進入你媽媽的
21 actions detected in the replay
| 0:03 | Create | Villager (Male) |
| 0:04 | Create | Villager (Male) |
| 0:04 | Create | Villager (Male) |
| 0:04 | Create | Villager (Male) |
| 0:06 | Build | House |
| 0:11 | Build | House |
| 0:12 | Build | House |
| 0:13 | Build | House |
| 1:48 | Create | Villager (Male) |
| 1:48 | Create | Villager (Male) |
| 3:06 | Create | Villager (Male) |
| 3:06 | Create | Villager (Male) |
| 3:07 | Create | Villager (Male) |
| 3:37 | Build | Lumber Camp |
| 3:58 | Create | Villager (Male) |
| 3:58 | Create | Villager (Male) |
| 3:59 | Create | Villager (Male) |
| 3:59 | Create | Villager (Male) |
| 5:11 | Create | Villager (Male) |
| 5:12 | Create | Villager (Male) |
| 5:12 | Create | Villager (Male) |
Build order — Pietrox75
85 actions detected in the replay
| 0:01 | Create | Villager (Male) |
| 0:01 | Create | Villager (Male) |
| 0:15 | Research | Loom |
| 0:15 | Create | Villager (Male) |
| 0:16 | Create | Villager (Male) |
| 0:17 | Create | Villager (Male) |
| 1:41 | Create | Villager (Male) |
| 1:41 | Create | Villager (Male) |
| 2:20 | Build | Lumber Camp |
| 2:22 | Create | Villager (Male) |
| 2:23 | Create | Villager (Male) |
| 2:46 | Create | Villager (Male) |
| 3:26 | Create | Villager (Male) |
| 3:36 | Create | Villager (Male) |
| 4:27 | Create | Villager (Male) |
| 4:28 | Create | Villager (Male) |
| 5:23 | Create | Villager (Male) |
| 5:52 | Create | Villager (Male) |
| 5:53 | Create | Villager (Male) |
| 5:53 | Create | Villager (Male) |
| 7:53 | Create | Villager (Male) |
| 7:54 | Create | Villager (Male) |
| 8:08 | Create | Villager (Male) |
| 8:08 | Create | Villager (Male) |
| 8:36 | Build | Mill |
| 8:43 | Create | Villager (Male) |
| 9:13 | Create | Villager (Male) |
| 9:25 | Create | Villager (Male) |
| 9:27 | Create | Villager (Male) |
| 10:16 | Build | Mining Camp |
| 10:41 | Create | Villager (Male) |
| 10:41 | Create | Villager (Male) |
| 10:42 | Create | Villager (Male) |
| 10:45 | Create | Villager (Male) |
| 11:44 | Create | Villager (Male) |
| 11:45 | Create | Villager (Male) |
| 11:48 | Research | Feudal Age |
| 11:48 | Research | Feudal Age |
| 12:29 | Build | Barracks |
| 13:12 | Build | Farm |
| 13:12 | Build | Farm |
| 13:16 | Build | Farm |
| 13:31 | Create | Militia |
| 13:32 | Create | Militia |
| 13:32 | Create | Militia |
| 13:32 | Create | Militia |
| 13:45 | Create | Villager (Male) |
| 13:46 | Create | Villager (Male) |
| 13:47 | Create | Villager (Male) |
| 13:58 | Age | Feudal Age |
| 14:01 | Build | Farm |
| 14:02 | Build | Farm |
| 14:12 | Research | Man-at-Arms (upgrade) |
| 14:18 | Create | Militia |
| 14:19 | Create | Militia |
| 14:42 | Build | Mining Camp |
| 14:57 | Build | Stable |
| 15:18 | Build | Stable |
| 15:21 | Research | Double-Bit Axe |
| 15:26 | Research | Horse Collar |
| 15:28 | Create | Villager (Male) |
| 15:29 | Create | Villager (Male) |
| 15:42 | Build | Mill |
| 15:54 | Research | Bloodlines |
| 15:54 | Create | Scout Cavalry |
| 16:18 | Build | Farm |
| 16:19 | Build | Farm |
| 16:19 | Build | Farm |
| 16:34 | Build | Farm |
| 16:45 | Create | Villager (Male) |
| 17:20 | Create | Villager (Male) |
| 17:39 | Create | Scout Cavalry |
| 18:29 | Create | Scout Cavalry |
| 18:29 | Create | Scout Cavalry |
| 18:37 | Create | Villager (Male) |
| 18:43 | Build | Lumber Camp |
| 19:02 | Build | Market |
| 20:05 | Create | Villager (Male) |
| 20:10 | Create | Scout Cavalry |
| 20:11 | Create | Scout Cavalry |
| 20:13 | Create | Scout Cavalry |
| 20:56 | Create | Villager (Male) |
| 21:14 | Create | Scout Cavalry |
| 21:14 | Create | Scout Cavalry |
| 21:14 | Create | Scout Cavalry |
Build order — SDAN
19 actions detected in the replay
| 0:02 | Create | Villager (Male) |
| 0:03 | Build | House |
| 0:04 | Build | House |
| 0:22 | Create | Villager (Male) |
| 0:25 | Create | Villager (Male) |
| 0:32 | Create | Villager (Male) |
| 0:32 | Create | Villager (Male) |
| 1:25 | Create | Villager (Male) |
| 1:26 | Create | Villager (Male) |
| 2:04 | Create | Villager (Male) |
| 2:15 | Create | Villager (Male) |
| 2:56 | Build | Lumber Camp |
| 2:58 | Create | Villager (Male) |
| 3:28 | Create | Villager (Male) |
| 3:47 | Create | Villager (Male) |
| 4:04 | Create | Villager (Male) |
| 4:36 | Create | Villager (Male) |
| 4:52 | Build | House |
| 4:53 | Build | House |
Build order — Alcar_99
25 actions detected in the replay
| 0:04 | Create | Villager (Male) |
| 0:04 | Research | Loom |
| 0:04 | Create | Villager (Male) |
| 0:05 | Create | Villager (Male) |
| 0:05 | Create | Villager (Male) |
| 0:05 | Create | Villager (Male) |
| 0:14 | Build | Palisade Wall |
| 0:29 | Build | House |
| 0:48 | Build | Palisade Wall |
| 1:08 | Build | Palisade Wall |
| 1:31 | Build | Palisade Wall |
| 2:26 | Create | Villager (Male) |
| 2:55 | Build | House |
| 3:04 | Create | Villager (Male) |
| 3:04 | Create | Villager (Male) |
| 4:05 | Create | Villager (Male) |
| 4:06 | Create | Villager (Male) |
| 4:26 | Create | Villager (Male) |
| 4:27 | Create | Villager (Male) |
| 4:45 | Create | Villager (Male) |
| 4:45 | Create | Villager (Male) |
| 4:59 | Build | House |
| 5:24 | Create | Villager (Male) |
| 5:24 | Create | Villager (Male) |
| 5:25 | Create | Villager (Male) |
Build order — PANICKING MORON, YES IM SCARED
78 actions detected in the replay
| 0:11 | Build | House |
| 0:14 | Build | House |
| 0:43 | Research | Loom |
| 0:43 | Create | Villager (Male) |
| 0:43 | Create | Villager (Male) |
| 0:44 | Create | Villager (Male) |
| 0:44 | Create | Villager (Male) |
| 0:44 | Create | Villager (Male) |
| 1:12 | Build | Palisade Wall |
| 2:22 | Build | House |
| 3:02 | Create | Villager (Male) |
| 3:34 | Build | Lumber Camp |
| 3:41 | Create | Villager (Male) |
| 4:15 | Create | Villager (Male) |
| 4:30 | Create | Villager (Male) |
| 5:22 | Create | Villager (Male) |
| 5:23 | Create | Villager (Male) |
| 5:23 | Create | Villager (Male) |
| 6:04 | Create | Villager (Male) |
| 6:05 | Create | Villager (Male) |
| 6:44 | Build | Mill |
| 6:52 | Create | Villager (Male) |
| 6:52 | Create | Villager (Male) |
| 6:53 | Create | Villager (Male) |
| 6:53 | Create | Villager (Male) |
| 7:28 | Create | Villager (Male) |
| 7:39 | Build | House |
| 7:41 | Build | House |
| 8:30 | Build | Mill |
| 9:01 | Create | Villager (Male) |
| 9:05 | Create | Villager (Male) |
| 9:30 | Create | Villager (Male) |
| 9:31 | Create | Villager (Male) |
| 9:31 | Create | Villager (Male) |
| 9:31 | Create | Villager (Male) |
| 9:55 | Build | House |
| 10:03 | Build | Mining Camp |
| 10:39 | Create | Villager (Male) |
| 10:39 | Create | Villager (Male) |
| 10:40 | Create | Villager (Male) |
| 10:40 | Create | Villager (Male) |
| 10:41 | Create | Villager (Male) |
| 10:52 | Create | Villager (Male) |
| 11:49 | Research | Feudal Age |
| 11:50 | Research | Feudal Age |
| 13:27 | Build | House |
| 13:30 | Build | House |
| 13:59 | Age | Feudal Age |
| 14:27 | Build | Town Center |
| 14:41 | Create | Villager (Male) |
| 14:41 | Create | Villager (Male) |
| 14:51 | Build | Mining Camp |
| 14:57 | Build | Farm |
| 14:57 | Build | Farm |
| 15:39 | Build | Barracks |
| 15:46 | Build | Farm |
| 15:49 | Create | Villager (Male) |
| 15:55 | Create | Villager (Male) |
| 16:15 | Build | Farm |
| 16:15 | Build | Farm |
| 16:15 | Build | Farm |
| 16:21 | Build | Farm |
| 17:04 | Build | Blacksmith |
| 17:53 | Build | Market |
| 18:17 | Research | Castle Age |
| 18:17 | Research | Castle Age |
| 18:32 | Research | Double-Bit Axe |
| 18:42 | Research | Horse Collar |
| 19:30 | Build | Stable |
| 19:36 | Build | Stable |
| 20:47 | Research | Forging |
| 20:57 | Age | Castle Age |
| 21:07 | Create | Steppe Lancer ×5 |
| 21:07 | Create | Steppe Lancer ×5 |
| 21:07 | Create | Steppe Lancer ×5 |
| 21:07 | Create | Steppe Lancer |
| 21:25 | Create | Steppe Lancer ×3 |
| 21:25 | Create | Steppe Lancer ×3 |
Build order — Gentle raiders
26 actions detected in the replay
| 0:02 | Research | Loom |
| 0:03 | Research | Loom |
| 0:03 | Create | Villager (Male) |
| 0:03 | Create | Villager (Male) |
| 0:36 | Build | Palisade Wall |
| 0:45 | Build | Palisade Wall |
| 1:00 | Build | House |
| 1:47 | Create | Villager (Male) |
| 1:47 | Create | Villager (Male) |
| 1:47 | Create | Villager (Male) |
| 1:47 | Create | Villager (Male) |
| 3:33 | Create | Villager (Male) |
| 3:33 | Create | Villager (Male) |
| 3:34 | Create | Villager (Male) |
| 3:34 | Create | Villager (Male) |
| 3:52 | Build | Palisade Wall |
| 4:00 | Build | House |
| 4:13 | Create | Villager (Male) |
| 4:13 | Create | Villager (Male) |
| 4:13 | Create | Villager (Male) |
| 4:49 | Build | House |
| 4:57 | Create | Villager (Male) |
| 4:57 | Create | Villager (Male) |
| 4:57 | Create | Villager (Male) |
| 4:57 | Create | Villager (Male) |
| 5:17 | Build | House |
Build order — *
72 actions detected in the replay
| 0:03 | Create | Villager (Male) |
| 0:04 | Research | Loom |
| 0:05 | Create | Villager (Male) ×3 |
| 0:42 | Build | House |
| 0:44 | Build | House |
| 2:22 | Create | Villager (Male) |
| 3:04 | Build | House |
| 3:33 | Build | House |
| 3:43 | Build | House |
| 4:35 | Build | Lumber Camp |
| 5:39 | Build | Palisade Wall |
| 5:55 | Build | Palisade Wall |
| 6:00 | Create | Villager (Male) |
| 6:01 | Create | Villager (Male) |
| 6:24 | Build | House |
| 6:34 | Build | Palisade Wall |
| 6:37 | Create | Villager (Male) |
| 6:37 | Create | Villager (Male) |
| 6:46 | Create | Villager (Male) |
| 6:46 | Create | Villager (Male) |
| 7:25 | Create | Villager (Male) |
| 7:25 | Create | Villager (Male) |
| 7:41 | Create | Villager (Male) |
| 7:41 | Create | Villager (Male) |
| 7:42 | Create | Villager (Male) |
| 8:10 | Create | Villager (Male) |
| 8:53 | Create | Villager (Male) |
| 8:54 | Create | Villager (Male) |
| 9:08 | Create | Villager (Male) |
| 9:08 | Create | Villager (Male) |
| 10:21 | Create | Villager (Male) |
| 10:29 | Create | Villager (Male) |
| 10:30 | Create | Villager (Male) |
| 10:30 | Create | Villager (Male) |
| 10:30 | Create | Villager (Male) |
| 10:31 | Create | Villager (Male) |
| 10:36 | Build | Mill |
| 11:31 | Create | Villager (Male) |
| 12:09 | Create | Villager (Male) |
| 12:19 | Build | Barracks |
| 12:46 | Create | Villager (Male) |
| 12:47 | Create | Villager (Male) |
| 12:58 | Build | House |
| 13:01 | Build | House |
| 13:34 | Create | Villager (Male) |
| 13:42 | Build | Mill |
| 13:55 | Create | Villager (Male) |
| 14:22 | Build | Mining Camp |
| 14:25 | Create | Villager (Male) |
| 15:21 | Research | Feudal Age |
| 16:02 | Create | Villager (Male) |
| 16:03 | Create | Villager (Male) |
| 16:03 | Create | Villager (Male) |
| 16:08 | Create | Villager (Male) |
| 16:45 | Build | Mill |
| 17:08 | Build | Mill |
| 17:31 | Age | Feudal Age |
| 17:45 | Build | Stable |
| 18:19 | Build | Blacksmith |
| 18:33 | Create | Villager (Male) |
| 18:34 | Create | Villager (Male) |
| 19:41 | Create | Villager (Male) |
| 19:57 | Build | House |
| 19:59 | Build | House |
| 20:02 | Build | House |
| 20:14 | Build | Mill |
| 20:24 | Research | Castle Age |
| 20:27 | Research | Scale Barding Armor |
| 20:38 | Research | Double-Bit Axe |
| 21:14 | Build | Stable |
| 21:22 | Research | Forging |
| 21:41 | Create | Villager (Male) |
Match timeline
| 0:14 | Alcar_99 · wall_segment Palisade Wall x13 |
| 0:36 | Gentle raiders · wall_segment Palisade Wall x9 |
| 0:45 | Gentle raiders · wall_segment Palisade Wall x12 |
| 0:48 | Alcar_99 · wall_segment Palisade Wall x4 |
| 1:08 | Alcar_99 · wall_segment Palisade Wall x13 |
| 1:12 | PANICKING MORON, YES IM SCARED · wall_segment Palisade Wall x8 |
| 1:31 | Alcar_99 · wall_segment Palisade Wall x17 |
| 3:52 | Gentle raiders · wall_segment Palisade Wall x4 |
| 5:11 | SDAN · resign |
| 5:39 | * · wall_segment Palisade Wall x2 |
| 5:55 | * · wall_segment Palisade Wall x3 |
| 6:16 | LauFuZi · first_building Barracks |
| 6:34 | * · wall_segment Palisade Wall x5 |
| 12:19 | * · first_building Barracks |
| 12:29 | Pietrox75 · first_building Barracks |
| 13:58 | Pietrox75 · age_up feudal |
| 13:59 | PANICKING MORON, YES IM SCARED · age_up feudal |
| 14:32 | LauFuZi · age_up feudal |
| 14:57 | Pietrox75 · first_building Stable |
| 15:39 | PANICKING MORON, YES IM SCARED · first_building Barracks |
| 15:47 | LauFuZi · first_building Archery Range |
| 17:31 | * · age_up feudal |
| 17:45 | * · first_building Stable |
| 18:29 | PANICKING MORON, YES IM SCARED · first_market_buy 100 food |
| 19:30 | PANICKING MORON, YES IM SCARED · first_building Stable |
| 20:10 | PANICKING MORON, YES IM SCARED · first_market_sell 100 stone |
| 20:57 | PANICKING MORON, YES IM SCARED · age_up castle |
[ AI ANALYSIS · 1 CREDIT ]
What really happened in this match?
Wolo.gg analyzes every decision: build order, eco, micro, common mistakes by bracket. Personalized analysis on WhatsApp or Discord in 30 seconds.
Civ guide
Byzantines
Map guide
Black Forest
Perfil
Jugador #4381589